 Dungeon Crawl Stone Soup version 0.30-a0-782-ge64f9170bb (webtiles) character file.

Game seed: 6837366997311317083

3500 theswoord the Frost Mage (level 10, -2/75 HPs)
             Began as a Naga Ice Elementalist on Mar 17, 2023.
             Was a Believer of Cheibriados.
             Killed from afar by an electric eel (13 damage)
             ... with a bolt of electricity
             ... on level 8 of the Dungeon.
             The game lasted 00:14:45 (8105 turns).

theswoord the Frost Mage (Naga Ice Elementalist)    Turns: 8105, Time: 00:14:46

Health: -2/75      AC:  7    Str: 24    XL:     10   Next: 7%
Magic:  20/23      EV: 14    Int: 20    God:    Cheibriados [**....]
Gold:   537        SH:  0    Dex: 16    Spells: 16/27 levels left

rFire   . . .      SeeInvis +    c - +3 short sword (holy)
rCold   . . .      Faith    .    (no shield)
rNeg    . . .      Spirit   .    d - +0 troll leather armour
rPois   +          Reflect  .    (no helmet)
rElec   .          Harm     .    (no cloak)
rCorr   .          Rampage  .    f - +1 pair of gloves
Will    +....                    (no barding)
Stlth   ++                       (no amulet)
HPRegen 1.12/turn                g - +5 ring of evasion
MPRegen 0.18/turn                n - +6 ring of strength

@: very slow
A: AC +3, large, see invisible, deformed body, poison resistance, slowness 2,
spit poison 1, naga tail 1
a: Spit Poison, Renounce Religion, Bend Time


You were on level 8 of the Dungeon.
You worshipped Cheibriados.
Cheibriados was pleased with you.
You visited 2 branches of the dungeon, and saw 9 of its levels.

You collected 537 gold pieces.

Inventory:

Hand Weapons
 c - a +3 short sword of holy wrath (weapon)
Armour
 a - a +0 robe
 d - a +0 troll leather armour (worn)
 f - a +1 pair of gloves (worn)
Jewellery
 g - a +5 ring of evasion (left hand)
 n - a +6 ring of strength (right hand)
 u - a ring of flight
Wands
 j - a wand of acid (13)
 s - a wand of charming (8)
 v - a wand of mindburst (20)
Scrolls
 m - a scroll of teleportation
 t - a scroll of poison
 w - a scroll of torment
Potions
 b - a potion of magic
 e - a potion of berserk rage
 h - a potion of brilliance {unknown}
 i - 5 potions of curing
 k - 2 potions of might
 l - a potion of attraction {unknown}
 o - 2 potions of lignification {unknown}
 p - a potion of cancellation {unknown}
 r - a potion of flight {unknown}
 x - a potion of degeneration {unknown}


   Skills:
 + Level 0.3 Fighting
 - Level 1.5 Dodging
 - Level 3.0 Stealth
 + Level 9.0 Spellcasting
 - Level 3.9 Summonings
 + Level 10.3 Ice Magic


You had 16 spell levels left.
You knew the following spells:

 Your Spells              Type           Power      Damage    Failure   Level
a - Freeze                Ice            100%       1d10      1%          1
b - Frozen Ramparts       Ice            100%       1d16      1%          3
c - Ozocubu's Armour      Ice            50%        N/A       1%          3
d - Summon Ice Beast      Ice/Summ       37%        N/A       4%          4

Your spell library contained the following spells:

 Spells                   Type           Power      Damage    Failure   Level
 Blink                    Tloc           18%        N/A       13%         2
 Lesser Beckoning         Tloc           18%        N/A       13%         2
 Momentum Strike          Conj/Tloc      18%        3d8       13%         2
 Fireball                 Conj/Fire      4%         3d4       94%         5
 Iskenderun's Battlesphe  Conj           9%         2d6       94%         5
 Conjure Ball Lightning   Conj/Air       4%         3x3d6     100%        6
 Orb of Destruction       Conj           4%         9d5       100%        7


Dungeon Overview and Level Annotations

Branches:
Dungeon (8/15)             Temple (1/1) D:6            Lair (0/5) D:8

Altars:
Cheibriados
Dithmenos
Elyvilon
Fedhas
Gozag
Hepliaklqana
Kikubaaqudgha
Makhleb
Okawaru
Qazlal
Ru
Sif Muna
Uskayaw
Vehumet
Wu Jian
Xom
Yredelemnul
Zin
The Shining One

Portals:
Abyss: D:3

Annotations:
D:3 2 transporters, UltraNumeron's ghost, amateur TrBe
D:4 2 runed translucent doors


Innate Abilities, Weirdness & Mutations

Your serpentine skin is tough. (AC +3)
You have supernaturally acute eyesight. (SInv)
Armour fits poorly on your strangely shaped body.
Your system is resistant to poisons. (rPois)
You cover ground very slowly.
You can spit poison.
You have a snake-like lower body.


Message History

An electric eel is nearby!
Okay, then.
The electric eel shoots out a bolt of lightning at you!
The bolt of electricity hits you!
The electric eel shoots out a bolt of lightning at you!
The bolt of electricity misses you.
The electric eel shoots out a bolt of lightning at you!
The bolt of electricity misses you.
The electric eel shoots out a bolt of lightning at you!
The bolt of electricity misses the electric eel.
The bolt of electricity hits you.
Aim: an electric eel You freeze the electric eel!
The electric eel seems to slow down.
The electric eel shoots out a bolt of lightning at you!
The bolt of electricity hits the electric eel.
The electric eel completely resists.
The bolt of electricity hits you!
Aim: an electric eel (heavily wounded, slow)
You freeze the electric eel!
You kill the electric eel!
Cheibriados appreciates the change of pace.
The electric eel shoots out a bolt of lightning at you!
The bolt of electricity hits you!
Your Spellcasting skill increases to level 9!
The electric eel shoots out a bolt of lightning at you!
The bolt of electricity hits you.
The electric eel shoots out a bolt of lightning at you!
The bolt of electricity hits you!
* * * LOW HITPOINT WARNING * * *
Found a staircase to the Lair.
The electric eel shoots out a bolt of lightning at you!
The bolt of electricity hits you!
* * * LOW HITPOINT WARNING * * *
The electric eel shoots out a bolt of lightning at you!
The bolt of electricity hits you!
* * * LOW HITPOINT WARNING * * *
Aim: an electric eel You freeze the electric eel!
The electric eel seems to slow down.
The electric eel shoots out a bolt of lightning at you!
The bolt of electricity hits you!
You die...

#...####### #.#.#
#.....≈≈≈≈≈ #.###
#..~~≈≈≈≈≈≈ #.#######
####..~.~≈≈~~≈ ........#
#......~~~≈.~. ........#
#.......≈≈~~.. ........#
#......≈~≈~..> .......)#
#....~~S.~~~..
.......)###.....@.~≈≈..~
.......)........~..~≈~~.
..................~≈~≈≈~
..................~..~~~
.÷......######..~~~..~..
..####### #..........
### ###.###..#. #.# #.#
###########.# .#


You could see an electric eel (slow).

Vanquished Creatures
  2 trolls (D:8)
  A hornet (D:6)
  A steam dragon (D:7)
  A water moccasin (D:8)
  An ice beast (D:6)
  A black bear (D:7)
  An ogre (D:6)
  A centaur (D:7)
  2 wolves (D:8)
  3 kobold brigands
  3 bullfrogs
  A necrophage (D:7)
  3 scorpions
  A water moccasin zombie (D:4)
  6 killer bees (D:8)
  An electric eel (D:8)
  A howler monkey (D:6)
  5 orc priests
  2 gnoll boudas
  8 hounds
  Natasha (thrice) (D:4)
  An iguana (D:6)
  An orc wizard (D:6)
  2 scorpion zombies (D:4)
  A hound zombie (D:4)
  8 adders
  20 gnolls
  4 white imps
  3 ufetubi
  An adder zombie (D:4)
  A worm (D:4)
  2 dart slugs
  23 orcs
  6 bats
  11 endoplasms
  3 giant cockroaches
  8 goblins
  6 hobgoblins
  3 quokkas
  7 ball pythons
  3 frilled lizards
  18 kobolds
  2 rats
182 creatures vanquished.

Vanquished Creatures (collateral kills)
  A shadow imp (D:6)
1 creature vanquished.

Grand Total: 183 creatures vanquished

Notes
Turn   | Place    | Note
-------+----------+-------------------------------------------
     0 | D:1      | theswoord the Naga Ice Elementalist began the quest for the
                  | Orb.
     0 | D:1      | Reached XP level 1. HP: 15/15 MP: 3/3
   160 | D:1      | Reached XP level 2. HP: 14/22 MP: 0/5
   610 | D:1      | Reached XP level 3. HP: 27/27 MP: 6/6
   755 | D:2      | Learned a level 3 spell: Frozen Ramparts
   759 | D:2      | Learned a level 3 spell: Ozocubu's Armour
  1508 | D:3      | Found a transporter.
  1508 | D:3      | Found a one-way gate to the infinite horrors of the Abyss.
  1508 | D:3      | Noticed UltraNumeron's ghost (amateur TrBe)
  1515 | D:3      | Noticed a small abomination
  1516 | D:3      | Found a transporter.
  1541 | D:3      | Noticed a small abomination
  1631 | D:3      | Found a faded altar of an unknown god.
  1704 | D:3      | Got Plato's Atlas of the Iceberg
  1825 | D:3      | Found a sacrificial altar of Ru.
  1825 | D:3      | Found a radiant altar of Vehumet.
  1848 | D:3      | Reached XP level 4. HP: 36/36 MP: 6/8
  2569 | D:4      | Found a basalt altar of Yredelemnul.
  2585 | D:4      | Reached skill level 5 in Ice Magic
  2594 | D:4      | Reached XP level 5. HP: 31/42 MP: 5/10
  2934 | D:4      | Found a large runed translucent door.
  2934 | D:4      | Found a large runed translucent door.
  3004 | D:4      | Reached XP level 6. HP: 36/49 MP: 5/12
  3093 | D:4      | Noticed Natasha
  3107 | D:4      | Killed Natasha
  3258 | D:4      | Noticed Natasha
  3268 | D:4      | Killed Natasha
  3289 | D:4      | Noticed Natasha
  3300 | D:4      | Killed Natasha
  3301 | D:4      | Reached skill level 6 in Ice Magic
  3574 | D:4      | Found a shimmering altar of Xom.
  3666 | D:5      | Entered Level 5 of the Dungeon
  3945 | D:5      | Reached skill level 5 in Spellcasting
  3945 | D:5      | Reached XP level 7. HP: 46/55 MP: 10/14
  4003 | D:5      | Learned a level 4 spell: Summon Ice Beast
  4139 | D:5      | Reached skill level 1 in Summonings
  4875 | D:6      | Reached skill level 7 in Ice Magic
  4893 | D:6      | Reached XP level 8. HP: 12/62 MP: 9/16
  5183 | D:6      | Noticed a hornet
  5197 | D:6      | HP: 1/62 [hornet (5)]
  5202 | D:6      | Killed a hornet
  5575 | D:6      | Found a staircase to the Ecumenical Temple.
  6062 | D:7      | Reached skill level 8 in Ice Magic
  6235 | D:7      | Reached XP level 9. HP: 16/68 MP: 12/19
  7008 | Temple   | Entered the Ecumenical Temple
  7148 | Temple   | Became a worshipper of Cheibriados the Contemplative
  7272 | D:8      | Reached skill level 9 in Ice Magic
  7447 | D:8      | Reached * piety under Cheibriados
  7803 | D:8      | Noticed a troll
  7818 | D:8      | Killed a troll
  7819 | D:8      | Reached skill level 10 in Ice Magic
  7966 | D:8      | Reached ** piety under Cheibriados
  8015 | D:8      | Noticed a troll
  8027 | D:8      | Killed a troll
  8028 | D:8      | Reached XP level 10. HP: 29/75 MP: 15/22
  8104 | D:8      | Found a staircase to the Lair.
  8105 | D:8      | Killed from afar by an electric eel

Skill      XL: |  1  2  3  4  5  6  7  8  9 10 |
---------------+-------------------------------+-----
Spellcasting   | 3 4 5 7 8 9 |  9.0
Ice Magic      | 5 6 7 8 10 | 10.3
Summonings     | 2 3 |  3.9
Fighting       | |  0.3
Dodging        | |  1.5
Stealth        | |  3.0

Action                     |  1- 3 |  4- 6 |  7- 9 | 10-12 || total
---------------------------+-------+-------+-------+-------++-------
  Melee: Unarmed           |     6 |       |       |       ||     6
         Short sword       |    44 |    83 |   115 |       ||   242
         Punch             |       |     2 |     3 |       ||     5
   Cast: Freeze            |    36 |    28 |    27 |     3 ||    94
         Frozen Ramparts   |     1 |     8 |    40 |       ||    49
         Ozocubu's Armour  |       |     1 |    12 |       ||    13
         Summon Ice Beast  |       |       |     2 |       ||     2
Ability: Spit Poison       |       |       |     2 |       ||     2
    Use: Scroll            |     1 |     3 |     5 |       ||     9
         Potion            |       |       |     4 |       ||     4
   Stab: Sleeping          |     5 |       |     2 |       ||     7
         Distracted        |       |       |     1 |       ||     1
 Armour: Robe              |    16 |    23 |    75 |       ||   114
         Skin              |       |     2 |       |       ||     2
         Troll leather arm |       |       |     3 |       ||     3
  Dodge: Dodged            |    55 |   103 |   228 |     2 ||   388

Levels and vault maps discovered:
D:1:      amcnicky_arrival_flooded_fountain, layout_basic
D:2:      layout_loops_ring
D:3:      layout_loops_ring, gammafunk_temple_overflow_elements,
          shapermc_ecumenical_altar_rom_forum, gammafunk_ghost_abyssal_escape
D:4:      due_chaos_kobolds, layout_basic, nicolae_yredelemnul_corpse_copse,
          grunt_ministairs_9, supply_closet_lemuel, uniq_natasha
D:5:      layout_loops_corners, minmay_misc_feat_diagonals
D:6:      layout_basic, minmay_temple_entry_from_below_a
D:7:      layout_rooms
D:8:      layout_basic, erik_lair_island, kennysheep_generic_room_3
Temple:   regret_index_temple_sphere_string
